Map: Ice and Chrome LE

Players

Exehn - Winner!

  • Race: Protoss Protoss
  • League: Master
  • Spawn Location: 1:00

Mirzo

  • Race: Zerg Zerg
  • League: Master
  • Spawn Location: 7:00

VOD

Have the link to the VOD?

Description

Time

  • Played on: July 4, 2020, 1:55 p.m.
  • Length: 21:56
Show
View Real Time Build Order
Export as new Build Order

Exehn Protoss - Winner!

Build Orders: 1 Gate Expand, Oracle Opening, Phoenix Opening, Carriers 

Get SALT Encoding   

  12  0:01  Probe  
  13  0:13  Probe  
  14  0:21  Pylon  
  14  0:25  Probe  
  15  0:36  Probe  
  15  0:41  Gateway  
  16  0:44  Probe  
  17  0:50  Assimilator  
  17  0:53  Probe  
  18  1:05  Probe  
  19  1:17  Probe  
  20  1:25  Nexus  
  20  1:36  Cybernetics Core  
  20  1:38  Probe  
  21  1:44  Assimilator  
  21  1:50  Probe  
  22  1:55  Pylon  
  22  2:03  Probe, Adept  
  25  2:15  Probe  
  25  2:20  Stargate  
  26  2:24  Adept  
  26  2:28  Probe  
  27  2:33  Warp Gate  
  27  2:35  Probe  
  29  2:40  Probe  
  29  2:43  Probe  
  32  2:52  Probe  
  32  2:53  Probe  
  34  2:58  Oracle  
  34  3:04  Probe  
  35  3:07  Probe  
  39  3:16  Probe  
  39  3:19  Probe  
  41  3:23  Pylon  
  41  3:28  Probe, Phoenix  
  41  3:31  Probe, Gateway  
  43  3:40  Probe, Assimilator  
  46  3:42  Assimilator  
  46  3:43  Probe  
  46  3:47  Pylon  
  47  3:52  Probe  
  48  3:55  Probe  
  48  4:02  Fleet Beacon  
  49  4:04  Probe  
  49  4:08  Probe  
  51  4:10  Pylon  
  51  4:16  Probe  
  52  4:20  Probe  
  53  4:24  Stargate  
  53  4:26  Pylon  
  53  4:29  Probe  
  53  4:30  Forge  
  54  4:39  Probe  
  54  4:44  Nexus  
  55  4:46  Pylon  
  55  4:49  Tempest  
  60  5:01  Tempest  
  60  5:05  Shield Battery  
  60  5:06  Probe  
  66  5:15  Probe  
  66  5:20  Photon Cannon  
  66  5:21  Probe  
  68  5:23  Twilight Council  
  68  5:27  Probe  
  68  5:28  Tempest  
  69  5:30  Protoss Ground Weapons Level 1  
  69  5:33  Probe  
  69  5:35  Pylon  
  70  5:39  Probe, Tempest  
  76  5:44  Zealot  
  76  5:45  Probe  
  79  5:55  Probe  
  79  5:56  Probe  
  86  5:57  Charge  
  86  6:01  Probe  
  86  6:02  Protoss Air Weapons Level 1  
  87  6:07  Pylon  
  87  6:08  Probe x2  
  89  6:14  Probe  
  90  6:20  Probe  
  90  6:23  Probe  
  90  6:25  Robotics Facility  
  92  6:27  Gateway  
  92  6:29  Gateway  
  92  6:33  Photon Cannon  
  92  6:38  Photon Cannon  
  92  6:39  Probe  
  93  6:43  Probe  
  93  6:45  Assimilator  
  94  6:49  Assimilator  
  94  6:51  Gateway  
  94  6:53  Gateway  
  94  6:55  Gateway  
  94  7:02  Templar Archives, Protoss Ground Weapons Level 2  
  94  7:03  Probe x2  
  94  7:04  Probe  
  97  7:11  Pylon  
  97  7:12  Pylon  
  97  7:15  Probe x2  
  99  7:17  Probe  
  99  7:18  Zealot x2  
  99  7:19  Immortal  
  108  7:23  Pylon  
  108  7:27  Probe  
  109  7:30  Nexus  
  110  7:37  Probe  
  110  7:45  Probe  
  110  7:50  Probe x2, Immortal  
  113  7:52  Pylon  
  113  7:56  Pylon  
  113  7:57  High Templar x3  
  113  7:58  Zealot x3, High Templar  
  131  8:05  Archon  
  131  8:06  Archon  
  126  8:21  High Templar x2  
  126  8:22  Zealot  
  126  8:25  Photon Cannon  
  132  8:27  Photon Cannon  
  132  8:28  Photon Cannon  
  132  8:30  Photon Cannon x4  
  132  8:33  Photon Cannon  
  132  8:35  Photon Cannon, Archon  
  132  8:39  Zealot x3  
  132  8:40  Zealot  
  115  8:59  Stalker  
  115  9:00  Stalker x5  
  115  9:01  Zealot  
  123  9:12  Nexus  
  123  9:27  Immortal  
  123  9:28  High Templar x6  
  123  9:31  Zealot  
  137  9:33  Archon x3  
  141  9:43  Assimilator  
  141  9:46  Photon Cannon  
  141  9:48  Assimilator  
  139  9:54  Psionic Storm  
  139  10:06  Zealot, High Templar  
  139  10:07  Zealot x5  
  145  10:09  Probe  
  145  10:13  Observer  
  155  10:27  Gateway  
  155  10:30  Gateway  
  155  10:32  Gateway  
  147  10:37  Carrier, Immortal  
  141  10:43  Carrier  
  141  10:45  Zealot  
  141  10:46  Zealot x6  
  147  10:56  Protoss Ground Weapons Level 3  
  157  11:08  Probe  
  157  11:09  Probe x2  
  160  11:12  High Templar x3  
  166  11:27  Zealot x3, Carrier  
  166  11:32  Pylon  
  172  11:33  Pylon  
  161  11:44  Carrier  
  161  11:45  Zealot x4  
  161  11:46  Zealot x2  
  161  11:48  Probe x2  
  161  11:51  Probe  
  161  11:54  Probe  
  165  12:06  Probe  
  166  12:19  Observer  
  166  12:21  Carrier  
  167  12:23  Nexus  
  167  12:25  Pylon  
  167  12:28  Pylon  
  167  12:31  Photon Cannon  
  167  12:32  Photon Cannon  
  173  12:41  Carrier  
  173  12:52  Photon Cannon  
  173  12:54  Photon Cannon  
  173  12:56  Shield Battery  
  173  12:58  Pylon  
  173  13:00  Photon Cannon  
  173  13:04  Zealot  
  173  13:05  Zealot x6  
  187  13:15  Carrier  
  187  13:16  Protoss Air Weapons Level 2  
  183  13:35  Stargate  
  183  13:37  Stargate  
  183  13:40  Probe  
  184  13:41  Assimilator  
  184  13:42  Carrier  
  184  13:44  Protoss Shields Level 1  
  184  13:46  Assimilator  
  190  14:12  Warp Prism  
  190  14:18  Pylon  
  190  14:19  Carrier  
  190  14:20  Pylon  
  198  14:43  Dark Shrine  
  198  14:47  Nexus, Pylon  
  198  14:50  Pylon  
  192  15:21  Zealot  
  192  15:22  Zealot x3  
  192  15:37  Zealot x2  
  192  15:38  Zealot x2  
  196  15:51  Zealot x2, Protoss Shields Level 2  
  196  15:54  Void Ray x2  
  186  16:02  Void Ray x2  
  186  16:03  Protoss Air Weapons Level 3  
  168  16:09  Photon Cannon  
  168  16:11  Photon Cannon  
  166  16:12  Photon Cannon  
  166  16:14  Photon Cannon  
  166  16:15  Unknown  
  166  16:17  Shield Battery  
  166  16:19  Shield Battery  
  166  16:23  Assimilator  
  166  16:27  Assimilator  
  166  16:32  High Templar x6  
  171  16:36  Archon x3  
  171  16:37  High Templar x3  
  177  16:45  Void Ray  
  179  16:47  Void Ray  
  179  16:48  Void Ray x2  
  191  16:54  Shadow Stride  
  185  17:03  Dark Templar  
  185  17:04  Dark Templar x5  
  195  17:27  Nexus  
  195  17:28  Void Ray  
  199  17:42  Observer  
  200  18:13  Protoss Ground Armor Level 1  
  200  18:38  Protoss Air Armor Level 1  
  200  18:54  Stargate  
  200  18:56  Stargate  
  192  19:06  Carrier  
  188  19:10  Carrier x2  
  188  19:14  Void Ray  
  170  19:27  Void Ray x2  
  170  19:31  Zealot x10  
  194  19:52  Photon Cannon  
  194  19:55  Dark Templar x2  
  194  19:56  Dark Templar  
  200  20:13  Adept  
  193  20:38  Carrier x2  
  181  21:20  Dark Templar x7  
  181  21:21  Dark Templar  
  179  21:45  Nexus  
  179  21:46  Pylon  
  181  21:49  Assimilator  
  181  21:52  Assimilator  
Show
View Real Time Build Order
Export as new Build Order

Mirzo Zerg 

Build Orders: Hatch First, Brood Lord Corruptor 

Get SALT Encoding   

  12  0:00  Drone  
  13  0:12  Overlord  
  13  0:17  Drone  
  14  0:31  Drone x2  
  16  0:47  Hatchery  
  15  0:51  Drone  
  15  0:54  Drone  
  17  0:59  Drone  
  18  1:07  Extractor  
  17  1:12  Spawning Pool  
  17  1:15  Drone  
  17  1:19  Drone  
  18  1:28  Drone  
  19  1:40  Drone  
  20  1:51  Overlord  
  20  1:59  Queen x2  
  20  2:00  Zergling x4  
  26  2:08  Metabolic Boost  
  26  2:09  Drone  
  26  2:11  Drone  
  28  2:20  Drone  
  28  2:22  Drone  
  30  2:34  Hatchery  
  29  2:39  Queen  
  29  2:42  Drone  
  32  2:47  Overlord  
  32  2:49  Drone  
  33  2:53  Drone  
  33  2:54  Drone  
  34  3:10  Drone x6  
  40  3:15  Overlord  
  40  3:19  Queen  
  40  3:22  Drone  
  43  3:30  Overlord  
  43  3:31  Drone  
  44  3:35  Drone, Spore Crawler  
  44  3:41  Drone  
  44  3:46  Zergling x2  
  46  3:51  Spore Crawler  
  46  3:52  Queen, Drone  
  46  3:55  Queen  
  48  3:58  Drone  
  48  3:59  Drone  
  48  4:00  Drone x4  
  56  4:05  Spore Crawler  
  56  4:08  Overlord, Drone x2  
  57  4:17  Overlord x2  
  57  4:19  Drone  
  58  4:26  Lair  
  62  4:31  Drone x6  
  62  4:32  Drone  
  62  4:37  Drone x3  
  68  4:45  Roach Warren  
  67  4:47  Extractor x2  
  67  4:49  Drone x5  
  70  5:05  Drone  
  70  5:06  Drone x3  
  74  5:08  Overlord x2  
  74  5:11  Overlord  
  74  5:19  Extractor  
  74  5:20  Extractor  
  71  5:24  Glial Reconstitution  
  71  5:25  Overlord x2, Extractor  
  71  5:26  Roach x7  
  84  5:31  Drone  
  84  5:32  Drone  
  84  5:33  Evolution Chamber, Hatchery  
  84  5:37  Queen  
  88  5:50  Drone x3  
  88  5:55  Drone x4  
  95  5:58  Overlord x2  
  95  6:01  Overseer, Pneumatized Carapace  
  93  6:05  Overseer  
  93  6:10  Queen  
  95  6:13  Queen, Drone x7  
  95  6:14  Spire  
  95  6:18  Zerg Missile Weapons Level 1  
  100  6:44  Spore Crawler  
  100  6:45  Spore Crawler  
  96  6:47  Overlord x3  
  96  6:48  Roach x2  
  96  6:49  Roach x2  
  96  6:53  Drone x3  
  107  6:55  Spore Crawler  
  107  6:56  Spore Crawler  
  105  7:08  Drone x7  
  112  7:15  Overseer  
  112  7:30  Corruptor x10, Zerg Flyer Weapons Level 1, Extractor  
  112  7:33  Spore Crawler  
  112  7:35  Extractor  
  129  7:44  Corruptor x2, Overlord x3  
  129  7:45  Corruptor  
  129  7:49  Drone x3  
  129  7:50  Drone x2  
  140  7:56  Roach x3  
  146  8:08  Roach  
  146  8:09  Roach x6  
  160  8:20  Drone x7  
  160  8:26  Infestation Pit, Zerg Melee Weapons Level 1  
  166  8:28  Baneling Nest  
  166  8:30  Overlord x3  
  165  8:40  Roach x11  
  165  8:41  Roach  
  171  8:50  Roach x2  
  171  9:00  Roach x6  
  177  9:09  Roach x4  
  165  9:12  Ravager x7  
  170  9:20  Centrifical Hooks  
  170  9:22  Zergling x10  
  175  9:27  Ravager  
  175  9:28  Ravager x2  
  175  9:30  Zergling x6  
  181  9:31  Hatchery  
  180  9:40  Spine Crawler, Drone x2  
  180  9:41  Zergling x6  
  180  9:43  Ravager x4  
  180  9:45  Overseer x2  
  188  9:50  Spine Crawler  
  188  9:51  Spine Crawler  
  188  9:52  Spine Crawler  
  178  9:55  Roach x8  
  178  9:57  Baneling x2  
  178  9:58  Baneling  
  189  10:07  Hive  
  189  10:08  Zergling x18  
  198  10:14  Baneling x8  
  198  10:34  Zergling x2, Roach  
  190  10:41  Roach  
  190  10:48  Zergling x2  
  190  10:49  Zergling x6  
  190  10:52  Overlord x3  
  190  11:04  Overlord x3, Extractor  
  189  11:06  Spine Crawler, Spore Crawler  
  189  11:07  Zergling x8, Extractor  
  189  11:08  Spine Crawler x2  
  189  11:09  Baneling  
  189  11:10  Spine Crawler, Baneling x7  
  187  11:16  Zerg Melee Weapons Level 2  
  187  11:21  Zergling x2  
  187  11:22  Zergling x24  
  165  11:48  Roach x8  
  165  11:49  Roach x5  
  185  11:55  Greater Spire  
  185  12:01  Corruptor x6  
  189  12:10  Corruptor x6  
  198  12:24  Baneling x8  
  180  12:56  Overseer x3  
  180  13:02  Hatchery  
  180  13:04  Spire  
  178  13:06  Baneling x6  
  178  13:08  Brood Lord x4  
  186  13:14  Corruptor x3  
  169  13:28  Brood Lord x2  
  169  13:29  Zergling x14  
  169  13:30  Zergling x18  
  183  13:35  Drone x4  
  183  13:37  Spore Crawler  
  183  13:39  Spore Crawler  
  185  13:53  Adrenal Glands  
  185  13:56  Zerg Flyer Armor Level 1  
  185  13:58  Drone x6  
  185  13:59  Spine Crawler x2  
  185  14:01  Spine Crawler  
  188  14:03  Spore Crawler  
  186  14:17  Baneling x8  
  186  14:19  Zerg Flyer Weapons Level 2  
  186  14:22  Pathogen Glands  
  186  14:24  Hatchery  
  186  14:28  Infestor x2  
  186  14:30  Infestor  
  191  14:59  Corruptor x7  
  186  15:18  Neural Parasite  
  186  15:21  Corruptor x4, Hatchery  
  184  15:43  Corruptor x6  
  183  15:59  Drone x9  
  183  16:00  Drone x2  
  183  16:03  Drone x2  
  196  16:04  Drone  
  196  16:17  Drone x4  
  200  16:19  Spine Crawler  
  199  16:30  Zerg Flyer Armor Level 2  
  199  16:31  Infestor  
  193  17:01  Corruptor x2  
  185  17:16  Viper  
  185  17:17  Viper x3  
  194  17:30  Spine Crawler  
  194  17:32  Spine Crawler  
  194  17:33  Spine Crawler  
  194  17:35  Spine Crawler  
  187  17:38  Drone x3  
  187  17:43  Zergling x2  
  187  17:44  Zergling x14  
  198  17:45  Spine Crawler  
  197  17:58  Spore Crawler x2  
  196  17:59  Spore Crawler  
  196  18:03  Baneling x6, Extractor  
  196  18:05  Baneling x5, Extractor  
  192  18:09  Spore Crawler  
  192  18:11  Drone x3  
  192  18:12  Spine Crawler x2  
  192  18:14  Brood Lord x4  
  200  18:30  Overseer  
  200  18:37  Hatchery  
  199  18:49  Spore Crawler  
  190  19:08  Zergling x18  
  197  19:14  Corruptor  
  197  19:16  Zergling x18  
  197  19:17  Zergling x2  
  200  19:31  Hatchery  
  200  19:33  Drone  
  197  20:19  Overseer x2  
  188  20:33  Corruptor x9  
  186  20:39  Brood Lord  
  186  20:42  Brood Lord x2  
  189  20:43  Drone x3  
  189  20:44  Drone  
  189  20:59  Corruptor  
  189  21:00  Corruptor x3  
  160  21:19  Corruptor x6  
  172  21:29  Zergling x16  
Tags
 
Add a new tag
Caveats
  • Supply blocks, unpowered buildings, or Contaminate may cause inaccurate times.
  • Supply counts are checked every 10 seconds.